 Dungeon Crawl Stone Soup version 0.29.0-11-gd7f09526c8 (webtiles) character file.

Game seed: 104387041295733913

5727 sanka the Thaumaturge (level 11, -10/81 HPs)
             Began as a Djinni Conjurer on Sept 6, 2022.
             Was a Priest of Makhleb.
             Mangled by a yak (14 damage)
             ... on level 9 of the Dungeon.
             The game lasted 00:10:48 (9564 turns).

sanka the Thaumaturge (Djinni Conjurer)             Turns: 9564, Time: 00:10:49

Health: -10/81     AC:  6    Str:  6    XL:     11   Next: 5%
Gold:   491        EV: 15    Int: 30    God:    Makhleb [***...] SH:  0 Dex: 12

rFire   + + .      SeeInvis +   (no weapon)
rCold   . . .      Faith    +   (no shield)
rNeg    . . .      Spirit   .   A - +2 robe {rC+}
rPois   ∞          Reflect  .   i - +0 helmet
rElec   .          Harm     .   (no cloak)
rCorr   .          Rampage  .   j - +0 pair of gloves
Will    +....                   (boots unavailable)
Stlth   ++........              l - amulet of faith
HPRegen 0.23/turn               a - +6 ring of intelligence
MPRegen 0.00/turn               G - ring of see invisible

@: mighty, flying
A: sickness immunity, fire resistance 2, cold vulnerability 1, float, innate
caster, HP casting, extra vitality 1
a: Renounce Religion, Minor Destruction, Lesser Servant of Makhleb


You were on level 9 of the Dungeon.
You worshipped Makhleb.
Makhleb was most pleased with you.
You visited 2 branches of the dungeon, and saw 10 of its levels.

You collected 491 gold pieces.


Innate Abilities, Weirdness & Mutations

You are immune to sickness and miasma.
You are immune to poison.
Your flesh is very heat resistant. (rF++)
You are vulnerable to cold. (rC-)
You float through the air rather than walking.
You learn spells naturally, not from books.
Your magical power is your life essence.
You have superior vitality. (+4 MHP)


   Skills:
 + Level 7.8 Fighting
 + Level 9.0 Dodging
 - Level 1.5 Stealth
 * Level 9.3 Spellcasting


You had one spell level left.
You knew the following spells:

 Your Spells              Type           Power      Damage    Failure   Level
b - Blink                 Tloc           100%       N/A       1%          2
c - Iskenderun's Mystic   Conj/Tloc      63%        2d13      1%          4
i - Ice Form              Ice/Tmut       63%        N/A       1%          4
u - Sandblast             Erth           100%       2d20      1%          1
v - Stone Arrow           Conj/Erth      100%       3d13      1%          3
x - Searing Ray           Conj           100%       2d8       1%          2
y - Dazzling Flash        Conj/Hex       100%       N/A       1%          3
z - Magic Dart            Conj           100%       1d8       1%          1
X - Ignite Poison         Fire/Tmut/Pois 63%        N/A       1%          3
Z - Fulminant Prism       Conj/Hex       31%        3d16      1%          4
Your spell library was empty.

Inventory:

Hand Weapons
 b - the +5 spear of the Warrior {elec, rN+ Int-2 Stlth+}

   It occasionally discharges a powerful burst of electricity upon striking a
   foe.
   Int:       It affects your intelligence (-2).
   rN:        It protects you from negative energy.
   Stlth:     It makes you more stealthy.
 H - a +1 demon whip of venom
Missiles
 k - 5 curare-tipped darts {=f}
Armour
 i - a +0 helmet (worn)
 j - a +0 pair of gloves (worn)
 A - a +2 robe of cold resistance (worn)
Magical Staves
 c - a staff of fire
Jewellery
 a - a +6 ring of intelligence (left hand)
 f - a +4 ring of slaying
 l - an amulet of faith (around neck)
 q - an amulet of reflection
 G - a ring of see invisible (right hand)
Wands
 h - a wand of flame (17)
 x - a wand of acid (11)
 E - a wand of polymorph (9)
Scrolls
 d - 4 scrolls of poison
 e - 5 scrolls of identify {@r1}
 g - a scroll of brand weapon {unknown}
 n - a scroll of blinking {unknown}
 p - a scroll of acquirement {unknown}
 s - a scroll of fear {unknown}
 t - a scroll of immolation {unknown}
 w - 2 scrolls of teleportation {unknown}
 y - 2 scrolls of noise {!r}
 D - 2 scrolls of magic mapping {unknown}
Potions
 m - 2 potions of curing {@q1}
 o - a potion of attraction {unknown}
 r - a potion of haste {unknown}
 u - a potion of heal wounds {unknown}
 v - a potion of might
 z - a potion of invisibility {unknown}
 B - a potion of magic {unknown}
 C - a potion of mutation {unknown}
 F - a potion of lignification {unknown}

Dungeon Overview and Level Annotations

Branches:
Dungeon (9/15)             Temple (1/1) D:5
   Lair: D:8-11         Orc: D:9-12

Altars:
Ashenzari
Cheibriados
Dithmenos
Elyvilon
Fedhas
Gozag
Hepliaklqana
Makhleb
Nemelex Xobeh
Okawaru
Qazlal
Ru
Trog
Uskayaw
Wu Jian
Xom
Yredelemnul
Zin
The Shining One

▒▒▒▒▒▒.....▒....
▒..▒....▒▒▒▒..▒....
▒▒▒▒▒▒..▒.......▒..▒.... .▒▒
▒.......▒.......▒▒.▒....
...▒▒▒▒.......▒........+.▒▒▒'▒
.............▒▒........▒......
.............▒.....)...▒.▒▒▒▒▒
.....).......▒▒▒▒▒▒▒▒'▒▒.▒
.............RY..........▒
........▒▒▒▒▒▒▒YY........▒
........▒ ▒YY........▒
........▒ ▒.Y........▒
..▒▒▒▒▒.▒ ▒Y.........▒ .
▒.▒▒▒▒▒▒▒.Y........▒
▒....................
▒...............>▒▒▒▒
▒................


You could see 4 yaks.


Message History

2 yaks come into view.
The yak bellows!
The yak bellows!
You hear a bellow!
A yak comes into view. 2 yaks come into view.
The yak bellows!
The yak bellows!
The yak attacks as you move away! The yak gores you!
* * * LOW HITPOINT WARNING * * *
Okay, then.
Okay, then.
As you read the scroll labelled DEOLAA CAFY, it crumbles to dust.
It is a scroll of identify.
d - 4 scrolls of poison The yak closely misses you.
Okay, then.
It was a potion of curing.
You are no longer corroded.
The yak gores you.
* * * LOW HITPOINT WARNING * * *
It was a potion of might.
You feel very mighty all of a sudden. The yak gores you!
* * * LOW HITPOINT WARNING * * *
As you read the scroll of identify {@r1}, it crumbles to dust.
y - 2 scrolls of noise The yak gores you!
You die...

Action                   |  1- 3 |  4- 6 |  7- 9 | 10-12 || total
-------------------------+-------+-------+-------+-------++-------
Melee: Unarmed           |     1 |    15 |       |       ||    16
       Punch             |       |     1 |       |       ||     1
       Spear             |       |       |       |    13 ||    13
 Cast: Magic Dart        |    72 |     7 |       |       ||    79
       Sandblast         |       |    57 |   111 |    76 ||   244
       Stone Arrow       |       |       |    20 |     9 ||    29
       Fulminant Prism   |       |       |       |     3 ||     3
  Use: Scroll            |       |       |       |     2 ||     2
       Potion            |       |       |       |     2 ||     2
Armor: Robe              |       |     6 |    17 |    20 ||    43
Dodge: Dodged            |     1 |    28 |    63 |    43 ||   135

Levels and vault maps discovered:
D:1:      heliophobic_arrival_ceremonial_halls, layout_rooms, serial_aquarium,
          aquarium_bridge_square [aquarium_subvault_wall,
          aquarium_subvault_wall, aquarium_subvault_bridge,
          aquarium_subvault_window], aquarium_bridge_long_joined
          [aquarium_subvault_bridge, aquarium_subvault_wall,
          aquarium_subvault_window, aquarium_subvault_wall,
          aquarium_subvault_balcony, aquarium_subvault_balcony],
          aquarium_window_corridor_1, aquarium_window_corner,
          aquarium_window_fake, aquarium_view_2a, aquarium_view_2e
D:2:      layout_loops_cross, shapermc_ecumenical_altar_flowoftime,
          amcnicky_mini_rare_corridor_liquid, nicolae_figureground_sparkle
D:3:      minmay_octagon_keep, layout_rooms, regret_index_temple_of_mockery,
          hangedman_decor_slide_cut
D:4:      layout_loops_ring, nicolae_ru_sacrificial_ziggurat,
          nicolae_zen_rock_garden, uniq_natasha
D:5:      layout_loops_corners, minmay_temple_entry_stoned_glass, uniq_duvessa
D:6:      layout_gridville, uniq_menkaure, uniq_eustachio
D:7:      layout_gridville
D:8:      layout_loops_ring, jmf_multi_god_temple2
D:9:      layout_irregular_city, uniq_amaemon, uniq_maurice
Temple:   sentei_temple_godly_chess

Notes
Turn   | Place    | Note
-------+----------+-------------------------------------------
     0 | D:1      | sanka the Djinni Conjurer began the quest for the Orb.
     0 | D:1      | sanka set off with the following spells memorised: Magic
                  | Dart, Searing Ray, Dazzling Flash, Fulminant Prism,
                  | Iskenderun's Mystic Blast.
     0 | D:1      | Reached XP level 1. HP: 15/15 MP: 0/0
   269 | D:1      | Reached XP level 2. HP: 16/22 MP: 0/0
   841 | D:1      | Reached XP level 3. HP: 25/26 MP: 0/0
   841 | D:1      | Learned a level 1 spell: Sandblast
  1014 | D:2      | Reached skill level 1 in Fighting
  1363 | D:2      | Found a faded altar of an unknown god.
  1685 | D:2      | Reached XP level 4. HP: 24/32 MP: 0/0
  2170 | D:3      | Reached skill level 3 in Dodging
  2779 | D:3      | Reached skill level 4 in Spellcasting
  2975 | D:3      | Found a hazy altar of Hepliaklqana.
  2976 | D:3      | Found a shimmering altar of Xom.
  2977 | D:3      | Noticed a spectral ugly thing
  3053 | D:4      | Noticed an ogre
  3059 | D:4      | Killed an ogre
  3060 | D:4      | Reached skill level 2 in Fighting
  3060 | D:4      | Reached XP level 5. HP: 15/38 MP: 0/0
  3060 | D:4      | Learned a level 2 spell: Blink
  3426 | D:4      | Reached XP level 6. HP: 42/44 MP: 0/0
  3537 | D:4      | Noticed an ogre
  3544 | D:4      | Killed an ogre
  3545 | D:4      | Reached skill level 4 in Dodging
  3747 | D:4      | Reached skill level 3 in Fighting
  3747 | D:4      | Reached XP level 7. HP: 30/50 MP: 0/0
  3747 | D:4      | Learned a level 3 spell: Stone Arrow
  3978 | D:4      | Found a sacrificial altar of Ru.
  4005 | D:4      | Noticed Natasha
  4008 | D:4      | Killed Natasha
  4009 | D:4      | Reached skill level 5 in Spellcasting
  4254 | D:4      | Noticed Natasha
  4258 | D:4      | Killed Natasha
  4401 | D:4      | Noticed Natasha
  4406 | D:4      | Killed Natasha
  4461 | D:5      | Entered Level 5 of the Dungeon
  4678 | D:5      | Reached skill level 5 in Dodging
  4678 | D:5      | Reached XP level 8. HP: 48/58 MP: 0/0
  4765 | D:5      | Found a staircase to the Ecumenical Temple.
  4769 | D:5      | Reached skill level 4 in Fighting
  4937 | Temple   | Entered the Ecumenical Temple
  4942 | Temple   | Became a worshipper of Makhleb the Destroyer
  5005 | D:5      | Reached skill level 6 in Spellcasting
  5346 | D:5      | Noticed a wyvern
  5350 | D:5      | Killed a wyvern
  5606 | D:5      | Noticed Dowan
  5607 | D:5      | Noticed Duvessa
  5635 | D:5      | Killed Duvessa
  5636 | D:5      | Reached skill level 6 in Dodging
  5636 | D:5      | Reached XP level 9. HP: 21/64 MP: 0/0
  5636 | D:5      | Learned a level 3 spell: Ignite Poison
  5872 | D:5      | Reached skill level 5 in Fighting
  6017 | D:5      | Killed Dowan
  6568 | D:6      | Reached skill level 7 in Spellcasting
  6673 | D:6      | Reached * piety under Makhleb
  6869 | D:6      | Noticed Menkaure
  6873 | D:6      | Killed Menkaure
  6892 | D:6      | Noticed Eustachio
  6896 | D:6      | Killed Eustachio
  6897 | D:6      | Reached skill level 7 in Dodging
  7107 | D:6      | Reached skill level 6 in Fighting
  7502 | D:7      | Reached XP level 10. HP: 68/72 MP: 0/0
  7622 | D:7      | Reached ** piety under Makhleb
  7625 | D:7      | Identified the +5 spear of the Warrior {elec, rN+ Int-2
                  | Stlth+}
  7658 | D:7      | Reached skill level 8 in Spellcasting
  8359 | D:8      | Reached skill level 8 in Dodging
  8396 | D:8      | Found a large runed translucent door.
  8397 | D:8      | Found a large runed translucent door.
  8467 | D:8      | Reached skill level 7 in Fighting
  8780 | D:8      | Reached *** piety under Makhleb
  9112 | D:8      | Found a shadowy altar of Dithmenos.
  9217 | D:8      | Found an iron altar of Okawaru.
  9412 | D:9      | Noticed Amaemon
  9413 | D:9      | Noticed an orange demon
  9418 | D:9      | Killed an orange demon
  9420 | D:9      | Killed Amaemon
  9421 | D:9      | Reached skill level 9 in Spellcasting
  9493 | D:9      | Noticed a kobold demonologist
  9496 | D:9      | Killed a kobold demonologist
  9497 | D:9      | Reached XP level 11. HP: 76/80 MP: 0/0
  9497 | D:9      | Learned a level 4 spell: Ice Form
  9542 | D:9      | Identified +0 acid dragon scales
  9543 | D:9      | Reached skill level 9 in Dodging
  9558 | D:9      | HP: 7/81 [yak (17)]
  9563 | D:9      | HP: 4/81 [yak (10)]
  9564 | D:9      | Mangled by a yak

Vanquished Creatures
  Amaemon (D:9)
  An orange demon (D:9)
  A kobold demonologist (D:9)
  A wyvern (D:5)
  A steam dragon (D:6)
  Eustachio (D:6)
  Menkaure (D:6)
  An acid dragon (D:9)
  A water moccasin (D:8)
  Duvessa (D:5)
  2 orc warriors
  An ice beast (D:5)
  2 sky beasts
  2 black bears
  4 ogres
  2 centaurs
  3 phantoms
  2 scorpions
  A bullfrog (D:8)
  2 necrophages
  8 wights (D:8)
  Dowan (D:5)
  13 killer bees
  6 howler monkeys
  3 hounds
  3 jellies
  6 orc priests
  A gnoll bouda (D:4)
  2 iguanas (D:5)
  Natasha (thrice) (D:4)
  6 orc wizards
  6 gnolls (D:4)
  4 adders
  3 shadow imps
  An ufetubus (D:4)
  3 worms (D:2)
  2 dart slugs
  39 orcs
  3 bats
  5 endoplasms
  2 giant cockroaches
  6 goblins
  6 hobgoblins
  A jackal (D:3)
  3 quokkas
  6 ball pythons
  5 frilled lizards
  8 kobolds
  7 rats
193 creatures vanquished.

Vanquished Creatures (others)
  3 fulminant prisms (D:9)
  3 plants (D:2)
  2 withered plants (D:2)
8 creatures vanquished.

Grand Total: 201 creatures vanquished
